 Dungeon Crawl Stone Soup version 0.23-a0-171-g5ae17c6 (webtiles) character file.

25 Ijustatesigmund the Sneak (level 3, -1/25 HPs)
             Began as an Octopode Assassin on Sept 12, 2018.
             Slain by a goblin
             ... wielding a +0 dagger
             ... led by Robin
              (3 damage)
             ... on level 2 of the Dungeon.
             The game lasted 00:02:19 (943 turns).

Ijustatesigmund the Sneak (Octopode Assassin)        Turns: 943, Time: 00:02:19

Health: -1/25      AC:  1    Str: 10    XL:     3   Next: 4%
Magic:  3/3        EV: 13    Int: 13    God:
Gold:   30         SH:  0    Dex: 14    Spells: 2/2 levels left

rFire    . . .     SeeInvis .   a - +2 dagger
rCold    . . .     Gourm    .   (no shield)
rNeg     . . .     Faith    .   (helmet restricted)
rPois    .         Spirit   .   (no amulet)
rElec    .         Reflect  .   (no ring)
rCorr    .         Harm     .   (no ring)
MR       .....                  (no ring)
Stlth    ++++......             (no ring)
HPRegen  0.08/turn              (no ring)
MPRegen  0.08/turn              (no ring)
                                (no ring)
                                (no ring)

@: no status effects
A: almost no armour, stealthy swim, amphibious, 8 rings, constrict 8, camouflage
1, gelatinous body 1
a: no special abilities


You were on level 2 of the Dungeon.
You were not hungry.

You visited 1 branch of the dungeon, and saw 2 of its levels.

You collected 30 gold pieces.

Inventory:

Hand Weapons
 a - a +2 dagger (weapon)
 b - a +0 blowgun
Missiles
 c - 8 poisoned needles
 d - 2 curare-tipped needles
 l - a throwing net (quivered)
Jewellery
 g - an uncursed ring of fire
Scrolls
 e - a scroll of teleportation {unknown}
 h - a scroll of identify {unknown}
 j - a scroll of fear {unknown}
 k - a scroll of enchant armour {unknown}
Comestibles
 f - 4 rations


   Skills:
 + Level 2.8 Fighting
 + Level 2.7 Short Blades
 - Level 2.0 Throwing
 - Level 1.0 Dodging
 - Level 5.3 Stealth


You had 2 spell levels left.
You didn't know any spells.
Your spell library was empty.

Dungeon Overview and Level Annotations

Branches:
Dungeon (2/15)

Altars:

Annotations:
D:2 Robin


Innate Abilities, Weirdness & Mutations

You cannot wear most types of armour.
You are very stealthy in the water. (Stealth+)
You are amphibious.
You can wear up to eight rings at the same time.
You can use your tentacles to constrict eight enemies at once.
Your skin changes colour to match your surroundings (Stealth+).
Your rubbery body absorbs attacks. (AC +1, EV +1)


Message History

Robin throws the goblin at you! The goblin misses you.
The goblin hits the plant with a club.
Robin throws the goblin at you! The goblin hits you with a dagger.
* * * LOW HITPOINT WARNING * * *
You aren't carrying any items that you can evoke.
Unknown command.
Robin says, "My army is invincible!"
Robin throws the goblin at you!
* * * LOW HITPOINT WARNING * * *
The goblin no longer looks unusually strong.
The goblin barely misses you.
The goblin no longer looks unusually strong.
The goblin completely misses you.
There is an open door here.
As you read the scroll labeled MOPINW SAMP, it crumbles to dust.
You hear a loud clanging noise!
It was a scroll of noise.
You hear a shout!
The goblin hits you with a dagger.
You die...

#≈≈≈≈≈≈≈≈≈≈≈≈≈## ##≈≈≈≈....
##≈≈≈≈≈≈≈≈≈≈≈#.####.#≈≈≈≈..P
####≈≈≈≈≈######...)######≈..
#≈≈≈≈≈≈≈≈≈≈## #....# . #
#≈≈≈≈≈≈≈≈≈≈≈# #....# #.#
#######≈≈≈≈≈###....# #..
#P..PP.≈≈≈≈≈≈###''## ##
#'##..≈≈≈≈≈≈≈≈##..# #.
#..#.≈≈≈≈≈≈≈####@##### #.
#..#≈≈≈≈≈≈≈###..gg.≈≈## #.
#..#≈≈≈≈≈≈##≈≈......≈.### #.
#..#.≈≈≈≈##≈≈.......≈≈..### ##
####P.≈≈##.≈.#......#≈≈P..###
#P..≈≈≈##.#≈###.g..###≈≈....###
#..≈≈≈##..≈≈≈#......#≈≈≈≈P##..#
#.P≈≈## #.≈≈...g....≈gg≈≈.P..#
#P≈≈## #.≈≈≈#......#≈≈ggP...P#


You could see a hobgoblin and 3 goblins.

Vanquished Creatures
  A dart slug (D:1)
  2 ball pythons (D:1)
  A giant cockroach (D:1)
  3 goblins (D:1)
  5 hobgoblins
  3 kobolds
  2 bats
  2 rats (D:1)
19 creatures vanquished.

Notes
Turn   | Place    | Note
-------+----------+-------------------------------------------
     0 | D:1      | Ijustatesigmund the Octopode Assassin began the quest for
                  | the Orb.
     0 | D:1      | Reached XP level 1. HP: 14/14 MP: 1/1
   188 | D:1      | Reached XP level 2. HP: 17/20 MP: 2/2
   920 | D:2      | Reached XP level 3. HP: 24/25 MP: 3/3
   926 | D:2      | Noticed Robin
   943 | D:2      | Slain by a goblin

Vault maps used:
D:1:      co_arrival_square_in_a_square_in_a_square, serial_co_window_serial,
          co_window_of_opportunity_a, co_window_paths_b, co_window_paths_a,
          co_window_corner_a, co_window_paths_a, co_window_unsneaky_path_a,
          co_window_corner_b, co_window_broadway_c
D:2:      wad_lake_hut, first_ration, uniq_crazy_yiuf_cottage, uniq_jessica,
          uniq_robin

Action                   || total
-------------------------++-------
Melee: Dagger            ||    31
       Constrict         ||    11
       Tentacles         ||     5
  Use: Scroll            ||     1
 Stab: Sleeping          ||     9
Armor: Skin              ||     1
Dodge: Dodged            ||    17

Table legend:
 A = Non-vault XP
 B = Vault XP
 C = Vault XP percentage of total XP
 D = Non-vault monster count
 E = Vault monster count
 F = Vault count percentage of total count
                 A         B        C        D         E       F
            +---------+---------+-------+---------+---------+-------
      Total |      34 |       2 |   5.6 |      18 |       1 |   5.3
            +---------+---------+-------+---------+---------+-------
        D:1 |      30 |       0 |   0.0 |      16 |       0 |   0.0
        D:2 |       4 |       2 |  33.3 |       2 |       1 |  33.3
            +---------+---------+-------+---------+---------+-------
